 Dungeon Crawl Stone Soup version 0.27-a0-156-gbcd94eb011 (webtiles) character file.

Game seed: 18237351416212171273

8 knot the Chopper (level 2, 23/24 HPs)
             Began as a Demonspawn Berserker on Jan 27, 2021.
             Was a Follower of Trog.
             Quit the game on level 1 of the Dungeon.
             The game lasted 00:00:24 (307 turns).

knot the Chopper (Demonspawn Berserker)              Turns: 307, Time: 00:00:25

Health: 23/24      AC:  2    Str: 17    XL:     2   Next: 0%
Magic:  2/2        EV: 12    Int:  8    God:    Trog [*.....]
Gold:   25         SH:  0    Dex: 12    Spells: 1/1 levels left

rFire    . . .     SeeInvis .   a - +0 hand axe
rCold    . . .     Faith    .   (no shield)
rNeg     . . .     Spirit   .   b - +0 animal skin
rPois    .         Reflect  .   (no helmet)
rElec    .         Harm     .   (no cloak)
rCorr    .         Rampage  .   (no gloves)
Will     .....                  (no boots)
Stlth    +.........             (no amulet)
HPRegen  0.08/turn              (no ring)
MPRegen  0.08/turn              (no ring)

@: no status effects
A: spiny 1
a: Renounce Religion, Berserk


You were on level 1 of the Dungeon.
You worshipped Trog.
Trog was aware of your devotion.
You visited 1 branch of the dungeon, and saw 1 of its levels.

You collected 25 gold pieces.

Inventory:

Hand Weapons
 a - a +0 hand axe (weapon)
Missiles
 c - 35 stones
Armour
 b - a +0 animal skin (worn)
Scrolls
 e - 2 scrolls of enchant armour {unknown}
 f - a scroll of remove curse {unknown}
 h - a scroll of teleportation {unknown}
Potions
 d - a potion of lignification {unknown}
 g - a potion of invisibility {unknown}


   Skills:
 - Level 3.0 Fighting
 + Level 3.2 Axes
 - Level 1.7 Armour
 - Level 1.7 Dodging


You had one spell level left.
You didn't know any spells.
Your spell library was empty.

Dungeon Overview and Level Annotations

Branches:
Dungeon (1/15)

Altars:


Innate Abilities, Weirdness & Mutations

You are partially covered in sharp spines.


Message History

No target in view!
No target in view!
Found a ring mail.
You now have 18 gold pieces (gained 12).
You now have 25 gold pieces (gained 7).
You see here a ring mail.
You see here a ring mail.
A rat comes into view.
The rat bites you.
You hit the rat but do no damage. The rat misses you.
You barely miss the rat. The rat barely misses you.
You barely miss the rat. The rat completely misses you.
You closely miss the rat. The rat closely misses you.
You slash the rat!
You kill the rat!
Trog accepts your kill.
You have reached level 2!
Your demonic ancestry asserts itself...
Sharp spines emerge from parts of your body.
Are you sure you want to abandon this character and quit the game? (Confirm with "yes".)

#.#.##.##
#.#.##[#######
#.#..........#
#.####.#####.# #.#
#.# #.# #.# #.# #.#
#.# #.# #.# ##.##
#.#####.####.#
#...###........@...#
#.#.....#####.######
#...#..........
#####.######### #†#
#.# #.# #.. ...


There were no monsters in sight!

Vanquished Creatures
  4 bats (D:1)
  A goblin (D:1)
  A hobgoblin (D:1)
  A frilled lizard (D:1)
  A rat (D:1)
8 creatures vanquished.

Notes
Turn   | Place    | Note
-------+----------+-------------------------------------------
     0 | D:1      | knot the Demonspawn Berserker began the quest for the Orb.
     0 | D:1      | Reached XP level 1. HP: 18/18 MP: 1/1
   307 | D:1      | Gained mutation: You are partially covered in sharp spines.
                  | [demonic ancestry]
   307 | D:1      | Reached XP level 2. HP: 23/24 MP: 2/2
   307 | D:1      | Quit the game

Illustrated notes

Levels and vault maps discovered:
D:1:      eino_arrival_cavern_e, layout_loops_ring, minmay_misc_feat_iff,
          chequers_serial_rivers_micro_d

Skill      XL: |  1 |
---------------+----+-----
Axes           | 3 |  3.2
Fighting       | |  3.0
Armour         | |  1.7
Dodging        | |  1.7

Action                   || total
-------------------------++-------
Melee: Hand axe          ||    27
Armor: Animal skin       ||    11
Dodge: Dodged            ||    21

Table legend: (Time is in decaauts)
 A = Elapsed time spent in this place.
 B = Non-inter-level travel time spent in this place.
 C = Inter-level travel time spent in this place.
 D = Time resting spent in this place.
 E = Time spent auto-exploring this place.
 F = Levels seen in this place.
 G = Mean time per level.
                   A        B        C        D        E       F      G
               +--------+--------+--------+--------+--------+-----+--------+
         Total |    310 |    310 |      0 |      0 |    247 |   1 |  310.0 |
       Dungeon |    310 |    310 |      0 |      0 |    247 |   1 |  310.0 |
               +--------+--------+--------+--------+--------+-----+--------+

Top non-repeatable levels by time:
     D:1: 310 daAuts
